 Dungeon Crawl Stone Soup version 0.29-a0-96-g93358da (webtiles) character file.

Game seed: 17885253406847607063

1799 Dorkslayer the Slasher (level 8, -2/72 HPs)
             Began as a Deep Dwarf Fighter on Feb 11, 2022.
             Was an Initiate of Gozag.
             Slain by Maggie (13 damage)
             ... on level 6 of the Dungeon.
             The game lasted 00:21:54 (4655 turns).

Dorkslayer the Slasher (Deep Dwarf Fighter)         Turns: 4655, Time: 00:21:55

Health: -2/72      AC: 16    Str: 23    XL:     8   Next: 83%
Magic:  14/14      EV:  7    Int: 10    God:    Gozag
Gold:   469        SH:  5    Dex: 12    Spells: 15/15 levels left

rFire   . . .      SeeInvis +   a - +1 long sword (vamp)
rCold   . . .      Faith    .   c - +0 buckler
rNeg    + . .      Spirit   .   k - +0 plate armour
rPois   .          Reflect  .   m - +0 helmet
rElec   .          Harm     .   (no cloak)
rCorr   .          Rampage  +   (no gloves)
Will    ++++.                   f - +1 pair of boots {rampage}
Stlth   ..........              (no amulet)
HPRegen 0.00/turn               b - ring of Dawn {rN+ Will++ Str+2 SInv}
MPRegen 0.14/turn               d - ring of willpower

@: no status effects
A: damage resistance, heal wounds, sense surroundings 1, no regeneration
a: Heal Wounds, Renounce Religion, Potion Petition, Call Merchant, Bribe Branch


You were on level 6 of the Dungeon.
You worshipped Gozag.
Gozag was aware of your devotion.
You visited 1 branch of the dungeon, and saw 6 of its levels.

You collected 542 gold pieces.
You paid 73 gold pieces to Gozag.

Inventory:

Hand Weapons
 a - a +1 vampiric long sword (weapon)
 g - a +2 dagger of flaming
Missiles
 e - 5 javelins
 h - 3 boomerangs (quivered)
Armour
 c - a +0 buckler (worn)
 f - a +1 pair of boots of rampaging (worn)
 k - a +0 plate armour (worn)
 m - a +0 helmet (worn)
Jewellery
 b - the ring of Dawn (left hand) {rN+ Will++ Str+2 SInv}
   (You found it on level 4 of the Dungeon)

   [ring of see invisible]

   Str:       It affects your strength (+2).
   rN:        It protects you from negative energy.
   SInv:      It lets you see invisible.
   Will:      It greatly increases your willpower.
 d - a ring of willpower (right hand)
 i - a ring of flight
Wands
 n - a wand of flame (8)
 r - a wand of polymorph (13)
Scrolls
 o - 2 scrolls of immolation
 s - a scroll of blinking
 t - a scroll of fog
 w - a scroll of amnesia
Potions
 j - a potion of flight
 l - a potion of curing
 p - a potion of brilliance {unknown}
 q - a potion of might
 u - a potion of attraction {unknown}
 v - a potion of magic {unknown}
 x - a potion of cancellation {unknown}


   Skills:
 + Level 4.1 Fighting
 + Level 6.7 Long Blades
 + Level 1.6 Throwing
 + Level 5.9 Armour
 + Level 1.6 Dodging
 + Level 0.3 Stealth
 + Level 4.6 Shields
 * Level 4.0 Spellcasting
 * Level 4.3 Evocations


You had 15 spell levels left.
You didn't know any spells.
Your spell library contained the following spells:

 Spells                   Type           Power      Damage    Failure   Level
 Passwall                 Tmut/Erth      1%         N/A       100%        2
 Conjure Flame            Conj/Fire      2%         6-21      100%        3
 Ignite Poison            Fire/Tmut/Pois 2%         N/A       100%        3
 Inner Flame              Hex/Fire       2%         N/A       100%        3
 Stone Arrow              Conj/Erth      4%         3d7       100%        3
 Animate Armour           Summ/Erth      4%         N/A       100%        4
 Cause Fear               Hex            1%         N/A       100%        4
 Sticky Flame             Conj/Fire      2%         2d3       100%        4
 Iskenderun's Battlesphe  Conj           2%         2d6       100%        5
 Conjure Ball Lightning   Conj/Air       1%         3x3d6     100%        6
 Iron Shot                Conj/Erth      1%         9d1       100%        6
 Spellforged Servitor     Conj/Summ      1%         N/A       100%        7
 Discord                  Hex            1%         N/A       100%        8
 Lehudib's Crystal Spear  Conj/Erth      1%         10d2      100%        8
 Maxwell's Capacitive Co  Air            1%         ∞         100%        8


Dungeon Overview and Level Annotations

Branches:
Dungeon (6/15)             Temple (0/1) D:5

Altars:
Fedhas
Gozag
Hepliaklqana
Okawaru
Xom

Shops:
D:6 :

Annotations:
D:6 Maggie


Innate Abilities, Weirdness & Mutations

You are resistant to damage.
You can heal yourself by infusing magical energy.
You passively map a small area around you.
You do not regenerate.


Message History

Press: ? - help, Shift-Dir - straight line, f/p - Maggie
Aim: Maggie, wielding a +2 scimitar of flaming and wearing +0 acid dragon scales (lightly wounded, 74% to hit)
Aiming: Throw Flame
Press: ? - help, Shift-Dir - straight line, f/p - Maggie
Aim: Maggie, wielding a +2 scimitar of flaming and wearing +0 acid dragon scales (lightly wounded, 74% to hit)
The puff of flame hits Maggie!
Maggie is moderately wounded.
Throw: 3 boomerangs
Press: ? - help, Q - select action, (/) - cycle Shift-Dir - straight line, f/p - Maggie
Aim: Maggie, wielding a +2 scimitar of flaming and wearing +0 acid dragon scales (moderately wounded, 59% to hit)
You throw a boomerang. The boomerang hits Maggie!
Maggie is heavily wounded.
Throw: 3 boomerangs
Press: ? - help, Q - select action, (/) - cycle Shift-Dir - straight line, f/p - Maggie
Aim: Maggie, wielding a +2 scimitar of flaming and wearing +0 acid dragon scales (steam, heavily wounded, 59% to hit)
You throw a boomerang. The boomerang hits Maggie.
Maggie is heavily wounded.
Throw: 3 boomerangs
Press: ? - help, Q - select action, (/) - cycle Shift-Dir - straight line, f/p - Maggie
Aim: Maggie, wielding a +2 scimitar of flaming and wearing +0 acid dragon scales (heavily wounded, 59% to hit)
You throw a boomerang.
The boomerang hits Maggie but does no damage.
Maggie is heavily wounded.
Maggie casts a spell.
Maggie attempts to bespell you! You resist with almost no effort.
You slash Maggie!
Maggie is severely wounded.
Maggie mumbles the words to a spell, but in the wrong order.
Maggie hits you with a +2 scimitar of flaming.
Maggie burns you.
You hit Maggie.
Maggie is severely wounded.
Maggie points at you and mumbles some strange words.
The bolt of fire hits you!!
* * * LOW HITPOINT WARNING * * *
You closely miss Maggie.
Maggie is severely wounded.
Maggie hits you with a +2 scimitar of flaming!
You die...
Your body crumbles into a pile of gold.

......# #......# * (#
##.#######......######.# , ##
........................ , .>
##)###.###.......≈≈≈≈≈.≈≈≈. #.
##.# #.# #.......≈......)≈.# #.
##.# #.# ######..≈.≈≈≈≈§.≈... #.
.#.###.#########.≈.≈...≈.≈..., #.
.#..............@≈.≈._.§.≈.#####.
.#####)#########@≈.....≈.≈.......
..# #)##........≈.≈§≈§≈.≈.#####.
#.####.##.######.≈.......≈(......
............# #.≈≈≈≈≈≈≈≈≈.######
.#.###.##.#.# #...........#.####
.#..##.##.#.######....#..#.#.....
......)..<#........#..##.#.#.####
###.##.##.##########..##.#.#.####
......................##.#.......


You could see Maggie.

Vanquished Creatures
  A gargoyle (D:6)
  An ice beast (D:6)
  Duvessa (D:6)
  A black bear (D:4)
  2 ogres (D:6)
  A phantom (D:5)
  A centaur (D:6)
  A kobold brigand (D:6)
  A scorpion (D:6)
  Dowan (D:6)
  A water moccasin skeleton (D:5)
  A centaur zombie (D:5)
  A bullfrog zombie (D:5)
  A jelly (D:6)
  An orc priest (D:6)
  Natasha (thrice) (D:3)
  6 iguanas
  4 orc wizards
  A killer bee zombie (D:6)
  2 hound skeletons
  4 gnolls (D:2)
  6 adders
  A white imp (D:5)
  2 dart slugs
  20 orcs
  9 endoplasms
  4 giant cockroaches
  8 goblins
  6 hobgoblins
  3 jackals (D:1)
  2 quokkas
  6 ball pythons
  7 bats
  5 frilled lizards
  16 kobolds
  5 rats
136 creatures vanquished.

Vanquished Creatures (others)
  2 fungi (D:1)
  3 plants (D:1)
5 creatures vanquished.

Grand Total: 141 creatures vanquished

Notes
Turn   | Place    | Note
-------+----------+-------------------------------------------
     0 | D:1      | Dorkslayer the Deep Dwarf Fighter began the quest for the
                  | Orb.
     0 | D:1      | Reached XP level 1. HP: 20/20 MP: 1/1
   277 | D:1      | Reached XP level 2. HP: 20/27 MP: 2/2
   505 | D:1      | Found a faded altar of an unknown god.
   794 | D:2      | Reached XP level 3. HP: 21/33 MP: 3/3
   871 | D:2      | Reached skill level 1 in Dodging
   873 | D:2      | Reached XP level 4. HP: 15/40 MP: 4/4
  1463 | D:3      | Reached skill level 3 in Long Blades
  1505 | D:3      | Reached skill level 1 in Spellcasting
  1513 | D:3      | Got the Guide on Earthen Weightlessness
  1743 | D:3      | Noticed Natasha
  1768 | D:3      | Killed Natasha
  1769 | D:3      | Reached XP level 5. HP: 28/48 MP: 6/6
  1924 | D:3      | Noticed Natasha
  1928 | D:3      | Killed Natasha
  2069 | D:3      | Noticed Natasha
  2095 | D:3      | Killed Natasha
  2158 | D:4      | Identified the ring of Dawn {rN+ Will++ Str+2 SInv}
  2292 | D:4      | Reached XP level 6. HP: 26/56 MP: 8/8
  2422 | D:4      | Reached skill level 4 in Long Blades
  2538 | D:4      | Found a blossoming altar of Fedhas.
  2581 | D:4      | Reached skill level 5 in Armour
  2672 | D:4      | Found an iron altar of Okawaru.
  2713 | D:4      | Found a shimmering altar of Xom.
  2824 | D:5      | Entered Level 5 of the Dungeon
  3094 | D:5      | Reached XP level 7. HP: 23/62 MP: 10/10
  3116 | D:5      | Found an opulent altar of Gozag.
  3131 | D:5      | Became a worshipper of Gozag Ym Sagoz the Greedy
  3324 | D:5      | Reached skill level 5 in Long Blades
  3507 | D:5      | Found a staircase to the Ecumenical Temple.
  3611 | D:6      | Noticed Duvessa
  3614 | D:6      | Reached skill level 1 in Evocations
  3626 | D:6      | Killed Duvessa
  3627 | D:6      | Reached skill level 1 in Throwing
  3639 | D:6      | Found Agiwu's Book Boutique.
  3671 | D:6      | Reached XP level 8. HP: 45/69 MP: 12/12
  3826 | D:6      | Noticed a gargoyle
  3847 | D:6      | Killed a gargoyle
  3848 | D:6      | Reached skill level 6 in Long Blades
  3868 | D:6      | Found a hazy altar of Hepliaklqana.
  4194 | D:6      | Noticed Dowan
  4204 | D:6      | Killed Dowan
  4642 | D:6      | Noticed Maggie
  4655 | D:6      | Slain by Maggie

Illustrated notes

Levels and vault maps discovered:
D:1:      saegor_arrival_simple_d, layout_loops_corners,
          dreamdust_ecumenical_altar_grove
D:2:      layout_basic
D:3:      layout_basic, uniq_natasha
D:4:      layout_cave_pools, lemuel_coloured_pillars_altar,
          mainiacjoe_overflow_two_lobes
D:5:      layout_basic, grunt_gozag_breadcrumbs, temple_hall, minmay_hedge_maze,
          hellmonk_bongcloud_opening
D:6:      layout_basic, mainiacjoe_overflow_concentric_impassable, serial_shops,
          nicolae_shop_hallway_plus, uniq_maggie, uniq_duvessa

Skill      XL: |  1  2  3  4  5  6  7  8 |
---------------+-------------------------+-----
Dodging        | 1 |  1.6
Armour         | 4 5 |  5.9
Long Blades    | 3 4 5 6 |  6.7
Spellcasting   | 1 2 3 4 |  4.0
Fighting       | 3 4 |  4.1
Shields        | 4 |  4.6
Evocations     | 2 4 |  4.3
Throwing       | 1 |  1.6
Stealth        | |  0.3

Action                   |  1- 3 |  4- 6 |  7- 9 || total
-------------------------+-------+-------+-------++-------
Melee: Long sword        |    99 |   269 |   148 ||   516
Throw: Boomerang         |     5 |     6 |    25 ||    36
 Abil: Heal Wounds       |       |     2 |     2 ||     4
Evoke: Wand              |       |       |     9 ||     9
  Use: Potion            |     1 |     2 |     3 ||     6
       Scroll            |       |    10 |     4 ||    14
 Stab: Distracted        |       |       |     1 ||     1
Armor: Scale mail        |    47 |    53 |       ||   100
       Chain mail        |       |    68 |       ||    68
       Plate armour      |       |    28 |    94 ||   122
Dodge: Dodged            |    55 |   125 |    54 ||   234
Block: Buckler           |    27 |    57 |    32 ||   116

Table legend: (Time is in decaauts)
 A = Elapsed time spent in this place.
 B = Non-inter-level travel time spent in this place.
 C = Inter-level travel time spent in this place.
 D = Time resting spent in this place.
 E = Time spent auto-exploring this place.
 F = Levels seen in this place.
 G = Mean time per level.
                   A        B        C        D        E       F      G
               +--------+--------+--------+--------+--------+-----+--------+
         Total |   4790 |   4790 |      0 |      2 |   1504 |   6 |  798.3 |
       Dungeon |   4790 |   4790 |      0 |      2 |   1504 |   6 |  798.3 |
               +--------+--------+--------+--------+--------+-----+--------+

Top non-repeatable levels by time:
     D:6: 1149 daAuts
     D:1: 819 daAuts
     D:4: 736 daAuts
     D:5: 721 daAuts
     D:3: 688 daAuts
     D:2: 676 daAuts
